 Dungeon Crawl Stone Soup version 0.20-a0-266-gdedccd6 (webtiles) character file.

382 XO4YCPATb the Cudgeler (level 6, -3/51 HPs)
             Began as a Minotaur Fighter on Dec 5, 2016.
             Slain by a gnoll
             ... wielding a +0 halberd
              (10 damage)
             ... on level 3 of the Dungeon.
             The game lasted 00:05:55 (2390 turns).

XO4YCPATb the Cudgeler (Minotaur Fighter)           Turns: 2390, Time: 00:05:56

Health: -3/51      AC:  6    Str: 21    XL:     6   Next: 47%
Magic:  5/5        EV: 12    Int:  1    God:
Gold:   90         SH: 10    Dex: 15    Spells: 5/5 levels left

rFire  . . .     SeeInvis .     a - +0 flail
rCold  . . .     Gourm    .     b - +0 scale mail
rNeg   . . .     Faith    .     c - +0 shield
rPois  .         Spirit   .     (helmet restricted)
rElec  .         Reflect  .     (no cloak)
rCorr  .         Harm     .     (no gloves)
MR     .....                    (no boots)
Stlth  +.........               j - amulet of regeneration
                                (no ring)
                                l - -5 ring of intelligence (curse)

@: agile, slowed, lost intelligence, very slow
A: retaliatory headbutt, horns 2
a: no special abilities


You were on level 3 of the Dungeon.
You were full.

You visited 1 branch of the dungeon, and saw 3 of its levels.

You collected 90 gold pieces.

Inventory:

Hand Weapons
 a - a +0 flail (weapon)
Armour
 b - a +0 scale mail (worn)
 c - a +0 shield (worn)
Jewellery
 e - an uncursed amulet of the gourmand
 j - an amulet of regeneration (around neck)
 l - a cursed -5 ring of intelligence (left hand)
Scrolls
 g - a scroll of enchant weapon
 m - 2 scrolls of teleportation
 n - a scroll of blinking
 r - a scroll of recharging
 s - 2 scrolls of amnesia {unknown}
Comestibles
 f - a bread ration
 h - 2 beef jerkies
 o - a meat ration
 p - 16 chunks of flesh


   Skills:
 - Level 3.6 Fighting
 * Level 7.0 Maces & Flails
 - Level 3.6 Armour
 + Level 5.8 Shields


You had 5 spell levels left.
You didn't know any spells.

Dungeon Overview and Level Annotations

Branches:
Dungeon (3/15)

Altars:
Qazlal


Innate Abilities, Weirdness & Mutations

You reflexively headbutt those who attack you in melee.
You have a pair of horns on your head.


Message History

The big kobold is heavily wounded.
The big kobold barely misses you. The hobgoblin misses you.
The gnoll barely misses you.
The big kobold hits you but does no damage.
The hobgoblin hits you.
* * * LOW HITPOINT WARNING * * *
Some of the chunks of flesh in your inventory have rotted away.
You hit the big kobold but do no damage.
The big kobold is heavily wounded.
The gnoll hits you from afar with a halberd!
* * * LOW HITPOINT WARNING * * *
The big kobold hits you but does no damage.
You block the hobgoblin's attack. The gnoll closely misses you.
Unknown command.
You hit the big kobold. Your headbutt misses the big kobold.
The big kobold is heavily wounded.
The big kobold hits you but does no damage.
You block the hobgoblin's attack.
The gnoll hits you from afar with a halberd!
You die...

#≈≈≈≈≈≈≈≈≈≈≈≈≈≈≈≈≈≈≈≈≈≈≈≈≈≈
#≈≈≈≈≈≈≈#####≈≈≈≈≈≈≈≈≈≈≈≈≈≈
#≈≈≈≈≈≈≈#...###############
#≈≈≈≈≈≈≈#...#......## ##...
≈≈≈≈≈≈≈#...#.......###....
#)##........#.....
#)..........#(....
#..........)'.....
#@g........)#(....
#K##........#.....
gKg#.......###....
#$$$#......## ##...
#$$$######## #### #####


You could see a big kobold, a gnoll, 2 hobgoblins and a kobold.

Vanquished Creatures
  2 big kobolds (D:3)
  A worker ant (D:3)
  5 gnolls (D:3)
  5 adders
  An ooze (D:3)
  3 worms
  2 dart slugs
  A leopard gecko (D:2)
  2 ball pythons
  2 giant cockroaches
  26 goblins
  28 hobgoblins
  8 jackals
  7 kobolds
  11 bats
  2 frilled lizards
  3 rats
109 creatures vanquished.

Notes
Turn   | Place    | Note
-------+----------+-------------------------------------------
     0 | D:1      | XO4YCPATb the Minotaur Fighter began the quest for the Orb.
     0 | D:1      | Reached XP level 1. HP: 19/19 MP: 0/0
    92 | D:1      | Reached skill level 3 in Maces & Flails
   201 | D:1      | You fall through a shaft!
   207 | D:2      | Reached XP level 2. HP: 26/26 MP: 1/1
   540 | D:2      | Reached XP level 3. HP: 28/31 MP: 2/2
   612 | D:2      | Reached skill level 4 in Maces & Flails
   725 | D:2      | Found a stormy altar of Qazlal.
  1485 | D:3      | Reached XP level 4. HP: 39/39 MP: 3/3
  1570 | D:3      | Reached skill level 5 in Maces & Flails
  1708 | D:3      | Lost intelligence.
  1875 | D:3      | Reached XP level 5. HP: 29/45 MP: 4/4
  2023 | D:3      | Reached skill level 5 in Shields
  2066 | D:3      | Reached skill level 6 in Maces & Flails
  2379 | D:3      | Reached XP level 6. HP: 29/51 MP: 5/5
  2382 | D:3      | Reached skill level 7 in Maces & Flails
  2390 | D:3      | Slain by a gnoll

Vault maps used:
D:1:      eino_arrival_tree_alley
D:2:      lemuel_crystal_altar
D:3:      minmay_goblin_kobold_castle

Skill      XL: |  1  2  3  4  5  6 |
---------------+-------------------+-----
Maces & Flails | 3 4 5 6 7 |  7.0
Shields        | 4 5 |  5.8
Fighting       | |  3.6
Armour         | |  3.6

Action                   |  1- 3 |  4- 6 || total
-------------------------+-------+-------++-------
Melee: Flail             |    98 |   138 ||   236
       Headbutt          |    10 |    21 ||    31
  Use: Scroll            |       |     7 ||     7
       Potion            |       |     4 ||     4
  Eat: Chunk             |    15 |       ||    15
Armor: Scale mail        |    40 |    95 ||   135
       Skin              |       |    25 ||    25
Dodge: Dodged            |    30 |    96 ||   126
Block: Shield            |    54 |   147 ||   201
